AoeStats
← Grand2024

Arabia

507830469Analyzed
2v2 RM · 12d ago on Sep 19, 2026· 28m 30s· 4 players
Game mode
Random Map
Map size
Medium (4 player)
Population
200
Speed
Normal
Resources
Standard
Victory
Conquest
Starting age
Dark Age
Ending age
Imperial Age
RankedLock teamsTeams togetherTeam positionsShared explorationLock speedFull tech treeHidden civsTurbo modeCheats
Victory
Defeat
🇺🇸 Magyars · United States
919
+11
🇺🇸 Goths · United States
777
+17
🇧🇪 Cumans · Belgium
855
-16
🇺🇸 Khmer · United States
759
-12
xDATASURFERx
11:11 Feudal Age
9:26 Loom
13:33 Bloodlines
18:22 Scale Barding Armor
Grand2024
0:31 Loom
11:03 Feudal Age
27:40 Castle Age
25:39 Man-at-Arms
26:29 Fletching
.RamroD.
1:29 Loom
11:11 Feudal Age
11:19 Man-at-Arms
15:22 Forging
15:12 Scale Mail Armor
15:25 Double-Bit Axe
23:01 Castle Age
21:07 Horse Collar
23:39 Pikeman
23:40 Long Swordsman
25:40 Town Watch
BarracksObama
7:18 Loom
10:58 Feudal Age
15:09 Castle Age
26:47 Scale Barding Armor
Connection lost

Rejoining the realm…

Still unreachable

The connection could not be restored.

Session expired

The server has moved on; the page needs a fresh start.